Map: [ESL] Tropical Sacrifice

Players

Botvinnik

  • Race: Terran Terran
  • Spawn Location: 7:00

trigger - Winner!

  • Race: Protoss Protoss
  • Spawn Location: 1:00

Event: DreamHack SC2 Masters 2022 Valencia

VOD

Have the link to the VOD?

Description

Time

  • Played on: July 1, 2022, 5:15 p.m.
  • Length: 22:38

All games in this series

Show
View Real Time Build Order
Export as new Build Order

Botvinnik Terran 

Build Orders: Reaper Expand 

Get SALT Encoding   

  12  0:00  SCV  
  13  0:12  SCV  
  14  0:17  Supply Depot  
  14  0:24  SCV  
  15  0:38  SCV  
  15  0:41  Barracks  
  16  0:45  Refinery  
  16  0:50  SCV  
  17  1:03  SCV  
  18  1:15  SCV  
  19  1:28  Orbital Command, Reaper  
  20  1:40  Command Center  
  20  1:52  Supply Depot  
  20  1:54  SCV  
  21  2:00  Marine  
  22  2:09  Factory  
  22  2:10  SCV  
  23  2:18  Marine  
  24  2:22  SCV  
  24  2:23  Refinery  
  25  2:35  SCV  
  25  2:36  Marine  
  27  2:47  SCV  
  28  2:53  Orbital Command  
  28  2:54  Marine  
  28  2:55  Widow Mine  
  28  2:56  Barracks  
  31  2:59  SCV  
  31  3:16  SCV, Barracks Reactor, Factory Tech Lab  
  33  3:31  SCV  
  33  3:35  Cyclone  
  36  3:46  Barracks Tech Lab  
  36  3:48  SCV  
  37  3:52  Marine  
  37  3:53  SCV, Marine  
  40  3:56  Supply Depot  
  40  4:00  SCV  
  41  4:05  Marine, Stimpack  
  43  4:10  Cyclone  
  43  4:11  Marine  
  43  4:14  Marine  
  46  4:18  SCV  
  46  4:23  SCV  
  48  4:25  Engineering Bay, Barracks  
  48  4:30  SCV  
  49  4:34  Marine x2  
  49  4:35  SCV  
  49  4:36  Marine  
  53  4:42  SCV  
  54  4:48  Supply Depot  
  54  4:53  Missile Turret  
  54  4:55  Missile Turret  
  54  4:59  Terran Infantry Weapons Level 1  
  54  5:00  Starport  
  54  5:01  Refinery  
  54  5:07  Factory Reactor  
  54  5:09  SCV x2, Supply Depot  
  54  5:11  Supply Depot  
  56  5:16  Marine x2  
  56  5:18  Marauder  
  60  5:23  SCV  
  60  5:27  Combat Shield  
  61  5:31  Marauder  
  61  5:32  SCV, Supply Depot  
  64  5:36  SCV  
  64  5:37  Marine x2  
  64  5:44  Marauder  
  64  5:47  Concussive Shells  
  66  5:50  SCV x2  
  66  5:51  Medivac x2  
  71  5:57  Marine x2  
  71  6:02  SCV x2  
  75  6:05  Marauder x2  
  77  6:17  SCV x2  
  76  6:29  Marine x2, Marauder  
  76  6:30  Marauder, Command Center  
  79  6:34  Refinery  
  77  6:46  SCV x2  
  79  6:47  Medivac x2, Marine x2  
  79  6:50  Factory Reactor  
  79  6:53  Supply Depot  
  85  7:01  SCV  
  86  7:03  Barracks  
  86  7:04  Barracks  
  86  7:05  Terran Infantry Armor Level 1  
  86  7:07  Supply Depot  
  86  7:15  SCV, Marine x2, Marauder x2  
  93  7:29  Medivac x2  
  99  7:30  Widow Mine x2  
  99  7:32  Supply Depot  
  99  7:33  Marine  
  99  7:34  Marine  
  99  7:36  SCV  
  102  7:38  SCV  
  102  7:41  Marauder x2  
  106  7:53  Barracks Reactor, Marine x2  
  106  7:54  Barracks Tech Lab, SCV x2  
  109  8:00  Ghost Academy  
  109  8:03  Marauder x2  
  112  8:11  Marine x2  
  113  8:15  Viking x2  
  115  8:20  Marauder  
  115  8:24  Marauder x2  
  117  8:28  Marine  
  117  8:29  Marine  
  117  8:31  Orbital Command, SCV x2  
  121  8:41  Marauder  
  121  8:45  Marine x2  
  121  8:47  Marine x2  
  127  8:50  Viking  
  127  8:55  Viking  
  131  8:56  SCV x2  
  131  9:00  SCV, Supply Depot  
  131  9:02  Ghost x3  
  134  9:08  SCV x2, Supply Depot  
  140  9:12  SCV  
  141  9:18  Supply Depot  
  141  9:21  Marine x4  
  141  9:23  Viking  
  147  9:24  Viking  
  147  9:29  SCV x2  
  147  9:30  Refinery x2, Enhanced Shockwaves  
  151  9:32  Supply Depot  
  151  9:35  SCV  
  152  9:41  SCV  
  152  9:44  Ghost x2  
  157  9:51  Command Center  
  157  9:56  Bunker  
  157  10:01  Bunker  
  157  10:02  Marine  
  157  10:03  Marine x3  
  157  10:05  Missile Turret, Marauder  
  162  10:10  SCV x3  
  164  10:21  Supply Depot  
  164  10:22  Starport  
  164  10:33  Armory  
  164  10:35  Engineering Bay, SCV x3  
  167  10:36  Marauder x3  
  167  10:42  Supply Depot  
  173  10:43  Viking x2  
  173  10:46  Supply Depot  
  177  10:57  Barracks  
  177  10:58  Barracks  
  176  11:05  Marine x3, Marauder x3  
  185  11:12  Barracks  
  185  11:26  Terran Infantry Armor Level 2, Terran Infantry Weapons Level 2  
  185  11:27  Terran Ship Weapons Level 1  
  185  11:29  Missile Turret  
  185  11:33  Marine x4, Marauder x3  
  185  11:39  Missile Turret  
  194  11:40  Missile Turret  
  194  11:43  Missile Turret  
  194  11:54  Marine x2, Marauder  
  184  12:01  Marine  
  184  12:02  Marauder  
  149  12:08  Marine  
  149  12:09  Marauder  
  149  12:12  Marine x2  
  126  12:16  Marauder  
  126  12:17  Barracks Tech Lab  
  126  12:18  Barracks Tech Lab  
  126  12:20  Marine  
  126  12:21  Planetary Fortress  
  125  12:23  Marauder  
  125  12:24  Barracks Tech Lab  
  125  12:26  Marine  
  125  12:27  SCV x3  
  129  12:30  Marauder  
  129  12:35  Marine x2  
  133  12:39  SCV x3  
  133  12:44  Marauder x2  
  140  12:45  Marine x2, Marauder x2  
  140  12:49  Ghost  
  140  12:51  Ghost, SCV  
  151  13:00  Marine x2  
  151  13:01  Command Center  
  153  13:06  Marine x2, Marauder  
  156  13:23  Missile Turret, Command Center  
  156  13:24  Ghost x2  
  156  13:25  Terran Ship Weapons Level 2, Marine x3, Marauder x2  
  156  13:26  Marauder  
  169  13:39  Marine, Marauder  
  171  13:43  Marine x3  
  171  13:46  Marauder x2  
  178  13:50  Missile Turret  
  178  13:54  Terran Infantry Weapons Level 3, Marauder x3  
  184  13:58  Terran Infantry Armor Level 3  
  184  14:04  Ghost  
  184  14:05  Marine x3  
  182  14:39  Marine x3, Missile Turret, Marauder x2  
  182  14:40  Marauder  
  182  14:43  Marine x3, Marauder  
  182  14:45  Planetary Fortress  
  196  14:46  SCV x3  
  175  15:08  Marine x3, Marauder x2  
  175  15:12  Viking x2, Marauder  
  186  15:17  Viking x2  
  186  15:18  Marine x2, Marauder  
  188  15:23  Marauder  
  188  15:26  Marine x3  
  187  15:34  Marine, Marauder x2  
  163  15:36  Marine  
  163  15:40  Marine, Marauder  
  163  15:42  Medivac x2  
  151  15:43  Marine  
  151  15:46  Marine x2  
  151  15:47  Marauder  
  153  15:54  Marine, Marauder  
  153  15:55  Marine x2  
  156  16:00  Marauder  
  156  16:01  Ghost, Marine  
  145  16:04  Marine  
  145  16:08  Marine, Marauder  
  139  16:11  Medivac  
  139  16:13  Marauder x2  
  139  16:15  Marauder  
  139  16:19  Marine x2  
  139  16:20  Ghost  
  143  16:29  Ghost x2, Marine x2  
  136  16:37  Ghost  
  138  16:44  Marine x2, Marauder x2  
  144  16:49  Missile Turret  
  144  16:53  Ghost, Marine x2  
  148  16:55  Planetary Fortress  
  148  17:01  Ghost  
  148  17:02  Marine x2, Marauder  
  147  17:12  SCV x2  
  147  17:13  SCV  
  145  17:17  Medivac x2  
  149  17:23  Ghost  
  149  17:24  Marauder  
  149  17:26  Marine, Marauder  
  149  17:29  Viking x2  
  154  17:32  Marauder  
  152  17:38  SCV x2  
  152  17:39  SCV x2  
  152  17:40  Missile Turret  
  156  17:49  SCV  
  156  17:50  SCV  
  156  17:51  SCV  
  154  17:54  Ghost x2  
  154  17:55  Marauder  
  132  18:16  Viking x2  
  132  18:17  Marine x2, Marauder x2  
  132  18:18  SCV x3  
  146  18:27  Marine x2, Marauder x2  
  146  18:29  Viking  
  146  18:33  Marine  
  146  18:34  Marauder  
  155  18:40  Marine x2, Marauder  
  155  18:41  Marauder  
  161  18:47  Ghost  
  163  18:50  Ghost  
  158  18:57  Viking x2  
  131  19:03  Marauder  
  131  19:04  Marine x2, Marauder  
  131  19:06  Marine x2  
  107  19:10  Marauder  
  107  19:13  Marauder  
  107  19:16  Marine  
  102  19:19  Medivac  
  102  19:20  Marauder  
  106  19:24  Marine x2, Marauder  
  110  19:33  Ghost  
  110  19:34  Marine x2, Marauder  
  110  19:37  Marauder x2  
  120  19:40  Marine  
  120  19:44  Marine  
  117  19:46  Marauder  
  117  19:47  Marine  
  120  19:52  Medivac  
  120  19:55  Medivac, Marauder  
  120  19:58  Marauder  
  128  20:01  Marine, Marauder x2  
  128  20:07  Marauder x2  
  135  20:12  Marine  
  138  20:17  Marine x2, Marauder  
  138  20:19  Marauder  
  144  20:24  Ghost x2  
  144  20:26  Orbital Command  
  144  20:28  Marauder x2  
  136  20:38  Marauder  
  136  20:41  Marine x2, Marauder  
  130  20:46  Marine x2  
  130  20:49  Ghost, Marauder  
  136  20:56  Marine x2  
  138  20:59  Marine x2  
  131  21:13  Marine  
  131  21:14  Marine x6  
  131  21:16  Marine  
  139  21:32  Marine x4, Marauder x2  
  147  21:37  Marine x2, Marauder  
  149  21:43  Marauder  
  147  21:49  Marine x2  
  147  21:51  Marine, Marauder  
  147  21:53  Marine, Marauder  
  119  21:55  Marine, Marauder  
  119  21:58  Marine  
  123  22:04  Marine  
  123  22:07  Marine  
  125  22:10  Marine  
  125  22:11  Marine  
  125  22:12  Marine  
  125  22:15  Marauder  
  134  22:16  Marine, Marauder  
Show
View Real Time Build Order
Export as new Build Order

trigger Protoss - Winner!

Build Orders: Oracle Opening 

Get SALT Encoding   

  12  0:00  Probe  
  13  0:12  Probe  
  14  0:17  Pylon  
  14  0:19  Pylon  
  14  0:25  Probe  
  15  0:37  Probe (Chrono Boost)  
  15  0:39  Gateway  
  16  0:46  Probe (Chrono Boost)  
  16  0:48  Assimilator  
  17  0:51  Probe  
  18  0:57  Assimilator  
  18  1:04  Probe (Chrono Boost)  
  19  1:15  Probe (Chrono Boost)  
  20  1:20  Probe (Chrono Boost)  
  21  1:27  Cybernetics Core  
  21  1:32  Probe  
  22  1:34  Pylon  
  22  1:44  Probe  
  23  1:56  Probe  
  24  2:03  Stargate  
  24  2:04  Adept  
  26  2:23  Nexus  
  26  2:27  Warp Gate  
  26  2:40  Pylon  
  26  2:44  Probe  
  26  2:45  Oracle (Chrono Boost)  
  29  2:56  Probe  
  30  3:03  Pylon  
  30  3:09  Probe  
  31  3:18  Oracle (Chrono Boost)  
  31  3:21  Probe, Adept  
  38  3:36  Probe (Chrono Boost)  
  38  3:38  Probe (Chrono Boost)  
  39  3:41  Twilight Council  
  39  3:47  Probe (Chrono Boost)  
  41  3:49  Probe (Chrono Boost), Gateway  
  41  3:52  Probe (Chrono Boost)  
  42  3:57  Probe  
  43  4:04  Probe  
  43  4:07  Gateway  
  43  4:09  Probe  
  45  4:10  Blink (Chrono Boost)  
  45  4:16  Pylon, Probe  
  46  4:21  Probe  
  46  4:22  Stalker  
  49  4:28  Probe  
  49  4:30  Shield Battery  
  50  4:37  Probe  
  49  4:38  Assimilator  
  49  4:42  Assimilator  
  49  4:46  Stalker x2  
  49  4:47  Probe  
  49  4:52  Probe  
  55  4:54  Pylon  
  55  4:59  Probe, Robotics Facility  
  56  5:04  Stalker, Probe  
  59  5:11  Probe  
  59  5:12  Stalker  
  62  5:14  Stalker  
  62  5:17  Probe  
  65  5:23  Probe  
  65  5:27  Stalker  
  68  5:30  Pylon  
  68  5:32  Pylon  
  68  5:37  Stalker  
  70  5:49  Robotics Bay  
  70  5:51  Probe x2  
  70  5:52  Pylon  
  72  6:03  Sentry  
  74  6:09  Probe  
  75  6:11  Nexus  
  75  6:13  Immortal (Chrono Boost)  
  79  6:19  Pylon  
  79  6:21  Charge  
  79  6:22  Pylon  
  79  6:26  Probe  
  79  6:29  Sentry  
  82  6:34  Probe  
  83  6:41  Colossus (Chrono Boost)  
  83  6:44  Probe  
  88  6:50  Sentry  
  88  6:51  Shield Battery  
  88  6:52  Extended Thermal Lance  
  90  7:00  Probe x2  
  92  7:04  Gateway  
  92  7:06  Gateway  
  92  7:13  Probe  
  92  7:15  Gateway  
  93  7:20  Stalker x2, Pylon  
  93  7:25  Colossus (Chrono Boost)  
  93  7:29  Probe  
  100  7:30  Probe  
  100  7:34  Probe  
  102  7:41  Probe  
  102  7:43  Forge  
  101  7:44  Probe  
  101  7:47  Shield Battery  
  101  7:49  Pylon  
  102  8:03  Stalker x3  
  102  8:04  Stalker x2  
  109  8:07  Colossus  
  115  8:13  Zealot  
  117  8:27  Zealot x5  
  121  8:30  Probe x2  
  121  8:32  Assimilator x2  
  121  8:34  Protoss Ground Weapons Level 1 (Chrono Boost)  
  126  8:35  Probe  
  127  8:47  Zealot x3  
  133  8:49  Nexus  
  133  8:53  Forge  
  133  8:58  Gateway  
  133  9:09  Pylon  
  131  9:12  Pylon  
  131  9:17  Robotics Facility  
  132  9:24  Probe x2  
  132  9:27  Disruptor (Chrono Boost)  
  136  9:32  Pylon, Shield Battery, Protoss Ground Armor Level 1 (Chrono Boost)  
  136  9:33  Photon Cannon, Pylon  
  136  9:34  Photon Cannon  
  136  9:41  Templar Archives  
  136  9:42  Probe  
  137  9:56  Disruptor (Chrono Boost)  
  137  9:57  Probe  
  141  10:00  Probe  
  141  10:01  Probe  
  144  10:07  Probe  
  144  10:14  Probe, Gateway x2  
  144  10:17  Gateway  
  144  10:19  Disruptor (Chrono Boost)  
  148  10:24  High Templar x4  
  148  10:25  Disruptor (Chrono Boost)  
  148  10:27  Probe x2  
  156  10:29  Probe x2  
  156  10:31  Archon x2  
  161  10:39  Probe, Zealot x3  
  168  10:46  Disruptor (Chrono Boost)  
  171  10:50  Probe x2, Assimilator  
  171  10:51  Protoss Ground Weapons Level 2 (Chrono Boost)  
  171  10:52  Assimilator  
  171  10:54  Disruptor (Chrono Boost)  
  176  11:17  Observer (Chrono Boost)  
  177  11:19  Phoenix  
  177  11:20  Pylon  
  177  11:22  Observer (Chrono Boost)  
  172  11:27  Dark Shrine  
  172  11:30  Nexus, Zealot x6  
  172  11:32  Protoss Ground Armor Level 2 (Chrono Boost)  
  180  11:38  Observer  
  181  11:59  Disruptor (Chrono Boost)  
  181  12:00  Zealot x2  
  152  12:11  Colossus (Chrono Boost)  
  152  12:13  Observer  
  106  12:20  Stalker x8  
  122  12:28  Zealot x2  
  124  12:30  Colossus (Chrono Boost)  
  124  12:35  Gateway  
  124  12:37  Shadow Stride (Chrono Boost)  
  128  12:43  Dark Templar x3  
  134  12:46  Zealot x5  
  144  12:54  Colossus (Chrono Boost), Probe x3  
  144  12:55  Pylon, Probe  
  144  12:57  Probe  
  155  13:00  Stalker  
  157  13:05  Zealot  
  157  13:07  Probe  
  157  13:12  Probe  
  154  13:20  Zealot x4  
  154  13:21  Protoss Ground Weapons Level 3 (Chrono Boost), Zealot x4  
  154  13:22  Nexus  
  173  13:27  Zealot x2  
  173  13:29  Disruptor (Chrono Boost)  
  173  13:32  Pylon  
  173  13:33  Probe x3  
  180  13:37  Disruptor (Chrono Boost)  
  183  13:58  Disruptor, Shield Battery  
  183  13:59  Dark Templar x8  
  183  14:00  Photon Cannon  
  200  14:03  Protoss Ground Armor Level 3  
  200  14:15  Probe  
  197  14:17  Pylon  
  197  14:24  Probe  
  190  14:36  Dark Templar x6  
  190  14:37  Dark Templar  
  198  14:42  Assimilator  
  198  14:47  Assimilator x2  
  198  14:50  Assimilator  
  198  14:51  Shield Battery  
  198  14:52  Disruptor, Photon Cannon  
  187  14:53  Zealot x2  
  191  15:04  Zealot  
  172  15:12  Zealot x4  
  172  15:13  Zealot x3  
  178  15:14  Disruptor  
  178  15:16  Stalker  
  178  15:17  Stalker  
  163  15:26  Zealot  
  122  15:36  Zealot x7  
  124  15:44  Stalker x2  
  124  15:47  Disruptor (Chrono Boost)  
  129  15:50  Disruptor (Chrono Boost)  
  125  16:00  Zealot x8  
  133  16:08  Zealot  
  133  16:09  Zealot  
  120  16:18  Observer  
  113  16:19  Colossus (Chrono Boost)  
  113  16:20  Stalker  
  113  16:21  Stalker x2, Zealot x2  
  135  16:30  Colossus (Chrono Boost)  
  133  16:35  Probe x3  
  136  16:43  Dark Templar x6  
  136  16:46  Probe x2  
  150  16:56  Dark Templar x2  
  150  16:58  Probe  
  150  16:59  Disruptor  
  150  17:00  Probe x2  
  160  17:02  Zealot x2  
  164  17:09  Disruptor  
  161  17:16  Zealot x2  
  161  17:17  Zealot x4  
  169  17:34  Disruptor  
  169  17:36  Stalker x4  
  157  17:37  Stalker x4  
  161  17:49  Stalker  
  157  17:57  Zealot  
  157  17:58  Nexus  
  141  18:15  Stalker x7  
  141  18:19  Probe x3  
  158  18:21  Probe  
  157  18:36  Probe  
  158  18:43  Zealot x9  
  158  18:45  Disruptor (Chrono Boost)  
  173  19:00  Probe  
  119  19:12  Zealot x9  
  119  19:15  Probe  
  132  19:23  Probe  
  130  19:32  Observer  
  130  19:34  Dark Templar x7  
  144  19:43  Disruptor  
  147  19:46  Dark Templar x3  
  153  19:56  Probe  
  153  19:57  Probe  
  153  19:58  Assimilator  
  155  20:02  Pylon, Probe  
  155  20:04  Photon Cannon  
  156  20:16  Dark Templar  
  156  20:17  Dark Templar x3  
  163  20:25  Zealot x6  
  163  20:26  Nexus  
  163  20:28  Observer (Chrono Boost)  
  168  20:37  Disruptor (Chrono Boost)  
  168  20:42  Assimilator  
  165  20:46  Disruptor (Chrono Boost)  
  165  20:47  Zealot x6  
  175  21:06  Disruptor  
  172  21:14  Zealot x10  
  192  21:19  Disruptor  
  192  21:22  Archon x4  
  195  21:32  Archon x2  
  195  21:38  Zealot x2  
  199  21:46  Pylon  
  199  21:53  Disruptor  
  191  21:58  Dark Templar x4  
  196  22:07  Photon Cannon  
  196  22:09  Shield Battery  
  196  22:11  Photon Cannon  
  196  22:14  Pylon  
  173  22:35  Zealot x10  

Tags
 
Add a new tag
Caveats
  • Supply blocks, unpowered buildings, or Contaminate may cause inaccurate times.
  • Supply counts are checked every 10 seconds.